 Dungeon Crawl Stone Soup version 0.20.0-10-g0535bb4 (webtiles) character file.

125584 Gorglomux the Executioner (level 16, -31/208 HPs)
             Began as a Minotaur Berserker on June 5, 2017.
             Was the Champion of Trog.
             Annihilated by Torax's ghost (33 damage)
             ... on level 3 of the Spider Nest.
             The game lasted 00:38:34 (24401 turns).

Gorglomux the Executioner (Minotaur Berserker)     Turns: 24401, Time: 00:38:35

Health: -31/208    AC: 19    Str: 30    XL:     16   Next: 41%
Magic:  15/15      EV: 20    Int:  7    God:    Trog [******]
Gold:   4429       SH:  5    Dex: 14    Spells: 15/15 levels left

rFire    + . .     SeeInvis .   r - +4 executioner's axe (vamp) {god gift}
rCold    + . .     Gourm    .   (shield currently unavailable)
rNeg     + . .     Faith    .   H - +1 plate armour of the King of the Hill {rN+}
rPois    +         Spirit   .   Y - +0 hat {Int+3}
rElec    .         Reflect  +   J - scarf {rC+ rF+}
rCorr    .         Harm     .   (no gloves)
MR       +....                  q - +2 pair of boots
Stlth    ..........             y - +5 amulet of reflection
Regen    0.5/turn               o - ring of poison resistance
MPRegen  0.2/turn               V - +6 ring of evasion

@: berserking, lethally poisoned (-31 -> -94), starving, very quick
A: retaliatory headbutt, horns 2
a: Berserk, Trog's Hand, Brothers in Arms, Burn Spellbooks, Renounce Religion


You were on level 3 of the Spider Nest.
You worshipped Trog.
Trog was exalted by your worship.
You were starving.

You visited 4 branches of the dungeon, and saw 26 of its levels.
You also visited: Sewer.

You collected 5178 gold pieces.
You spent 749 gold pieces at shops.

Inventory:

Hand Weapons
 e - a +2 antimagic battleaxe {god gift}
 h - a +2 battleaxe of flaming
 r - a +4 vampiric executioner's axe (weapon) {god gift}
Missiles
 P - 4 silver javelins (quivered) {god gift}
Armour
 q - a +2 pair of boots (worn)
 H - the +1 plate armour of the King of the Hill (worn) {rN+}
   (You found it on level 1 of the Spider Nest)

   It protects you from negative energy.
 J - a scarf of resistance (worn)
 K - a +0 plate armour
 Y - a +0 hat of intelligence (worn)
Jewellery
 n - a +4 ring of protection
 o - a ring of poison resistance (left hand)
 x - an uncursed amulet of rage {unknown}
 y - a +5 amulet of reflection (around neck)
 V - a +6 ring of evasion (right hand)
Wands
 b - a wand of digging (14/24)
 f - a wand of paralysis (7/24)
 D - a wand of digging (17/24)
 O - a wand of clouds (7/9)
Scrolls
 i - 7 scrolls of recharging
 t - 2 scrolls of immolation
 A - 2 scrolls of fear
 B - 3 scrolls of blinking
 C - 12 scrolls of remove curse
 F - 2 scrolls of enchant armour
 I - 6 scrolls of fog
 M - a scroll of magic mapping
 R - 2 scrolls of identify
 T - 10 scrolls of teleportation
 Z - a scroll of holy word
Potions
 d - 6 potions of haste
 j - 3 potions of degeneration
 k - a potion of berserk rage
 l - 3 potions of resistance
 m - 7 potions of heal wounds
 p - a potion of magic
 u - 5 potions of cancellation
 v - 7 potions of lignification
 E - a potion of invisibility
 G - 5 potions of mutation {!q}
 N - 2 potions of ambrosia
 Q - 12 potions of curing
 U - 4 potions of might
 W - 4 potions of agility
 X - 6 potions of flight
Miscellaneous
 L - a fan of gales
Comestibles
 c - 12 bread rations
 w - 8 royal jellies
 z - 16 meat rations
 S - 39 fruits


   Skills:
 + Level 11.8 Fighting
 - Level 26.2 Axes
 + Level 11.5 Armour
 + Level 10.5 Dodging


You had 15 spell levels left.
You didn't know any spells.

Dungeon Overview and Level Annotations

Branches:
Dungeon (15/15)            Temple (0/1) D:5            Lair (6/6) D:11
  Swamp (0/4) Lair:3       Spider (3/4) Lair:4        Slime (0/5) Lair:6
    Orc (2/2) D:11            Elf (0/3) Orc:2        Vaults (0/5) D:14
 Depths (0/5) D:15

Altars:
Ashenzari
Dithmenos
Elyvilon
Fedhas
Hepliaklqana
Kikubaaqudgha
Nemelex Xobeh
Okawaru
Ru
Uskayaw
Vehumet
Beogh
Jiyva

Shops:
D:4 ?%([   D:6 %   D:9 *   D:15 !   Orc:2 ([!(*

Annotations:
D:7 1 exclusion
Lair:1 exclusion: 3 oklob plants
Spider:3 Torax's ghost, adept MiBe


Innate Abilities, Weirdness & Mutations

You reflexively headbutt those who attack you in melee.
You have a pair of horns on your head.


Message History

You feel sick.
You barely miss Torax's ghost.
Torax's ghost is almost destroyed.
You feel sick. Torax's ghost hits you!!!
* * * LOW HITPOINT WARNING * * *
You are more poisoned.
Unknown command.
You barely miss Torax's ghost.
Torax's ghost is almost destroyed.
* * * LOW HITPOINT WARNING * * *
You feel sick.
You closely miss Torax's ghost. You headbutt Torax's ghost.
Torax's ghost is almost destroyed.
* * * LOW HITPOINT WARNING * * *
You feel very sick.
You slash Torax's ghost! Your headbutt misses Torax's ghost.
Torax's ghost is almost destroyed.
* * * LOW HITPOINT WARNING * * *
You feel sick. Torax's ghost hits you!!
You die...

#. ##### ## #.# ##..^##
.##.# ..##.....## ...#
##..... ....^....@W###..#
#...... ...#........#..#
#...... .. #..........###
#...... #..............#
##......
##.......^###..###.......
##.###.### #.#..#.......
#. #.## #.###........ .
..# .## ##...^..# ... #.
##.#####


You could see Torax's ghost.

Vanquished Creatures
  Rupert (D:13)
  Frances (D:14)
  Donald (Spider:1)
  Kirke (Spider:1)
  An orc warlord (Orc:2)
  A ghost moth (Spider:2)
  An emperor scorpion (Spider:3)
  A spark wasp (Spider:3)
  2 fire dragons
  Josephine (D:12)
  Erolcha (D:9)
  3 vault guards (D:14)
  6 hydras
  An ice dragon (D:15)
  3 centaur warriors
  13 two-headed ogres
  The ghost of crawlian the Arsonist, a journeyman DEFE of Vehumet (Orc:1)
  2 ogre magi
  2 tengu warriors (D:15)
  Urug (D:10)
  4 orc high priests (Orc:2)
  2 unseen horrors
  A wizard (D:14)
  Pikel (D:7)
  2 lindwurms
  6 orc knights
  14 wolf spiders
  3 ugly things
  2 manticores
  An orb spider (Spider:1)
  2 cyclopes
  2 orc sorcerers (Orc:2)
  9 elephants
  Psyche (D:9)
  A guardian serpent (D:15)
  4 black mambas
  A gargoyle (D:14)
  5 torpor snails (Lair:6)
  5 spiny frogs
  4 rime drakes
  8 komodo dragons
  A tengu conjurer (D:14)
  A yaktaur (D:14)
  3 demonic crawlers
  13 jumping spiders
  9 polar bears (Lair:6)
  5 trolls
  3 tyrant leeches (Lair:6)
  10 hornets
  6 hippogriffs
  18 dream sheep
  2 raiju (Lair:6)
  4 slime creatures (D:14)
  20 blink frogs
  The ghost of kalagan the Conjurer, an amateur OpCj of Vehumet (D:4)
  31 redbacks
  63 yaks
  Sigmund (D:5)
  4 hogs (Spider:1)
  4 wraiths (D:12)
  14 tarantellas
  2 wyverns
  3 basilisks
  A steam dragon (D:9)
  2 vampire mosquitoes (D:13)
  A human (D:14)
  4 hungry ghosts
  5 swamp worms (Lair:3)
  2 soldier ants
  8 wargs
  13 water moccasins
  4 porcupines
  15 hell hounds
  42 orc warriors
  3 ice beasts
  3 slaves (D:7)
  14 black bears
  A necrophage (D:9)
  3 phantoms
  An eye of draining (D:15)
  14 ogres
  27 wolves
  11 crocodiles
  3 centaurs
  23 bullfrogs
  10 big kobolds
  7 gnoll sergeants
  A wyvern zombie (D:14)
  7 scorpions
  2 water moccasin zombies
  A water moccasin skeleton (D:8)
  22 killer bees
  An oklob sapling (D:5)
  9 wights (D:13)
  An electric eel (Lair:3)
  2 howler monkeys (D:12)
  2 centaur zombies
  9 crimson imps
  A quasit (D:8)
  4 hounds
  A jelly (D:6)
  A bullfrog skeleton (D:6)
  30 orc priests
  Crazy Yiuf (D:6)
  An iguana (D:10)
  5 centaur skeletons
  Ijyb (D:4)
  5 hell rats (Lair:3)
  12 orc wizards
  7 worker ants
  3 killer bee zombies
  A hound skeleton (D:6)
  A howler monkey zombie (D:8)
  A howler monkey skeleton (D:8)
  10 gnolls
  13 adders
  3 river rats (Sewer)
  3 shadow imps
  An ooze (D:2)
  2 adder zombies
  4 worms
  4 dart slugs
  7 leopard geckos
  91 orcs
  3 ball pythons
  4 bats
  9 giant cockroaches
  9 hobgoblins
  7 jackals
  17 kobolds
  8 quokkas
  A ball python skeleton (D:6)
  5 frilled lizards
  16 goblins
  2 jackal skeletons
  A quokka zombie (D:7)
  9 rats
  3 fungi
  4 plants
925 creatures vanquished.

Vanquished Creatures (collateral kills)
  A hydra (Lair:2)
  2 orc high priests (Orc:2)
  2 orc knights (Orc:2)
  A wolf spider (Spider:1)
  A torpor snail (Spider:1)
  4 blink frogs (Lair:4)
  3 dream sheep (Lair:4)
  A redback (Spider:1)
  A tarantella (Spider:1)
  A basilisk (Lair:2)
  3 orc warriors (Orc:2)
  A bullfrog (Lair:2)
  An orc priest (Orc:2)
22 creatures vanquished.

Vanquished Creatures (others)
  3 fungi
  25 plants
  2 withered plants (D:9)
30 creatures vanquished.

Grand Total: 977 creatures vanquished

Notes
Turn   | Place    | Note
-------+----------+-------------------------------------------
     0 | D:1      | Gorglomux the Minotaur Berserker began the quest for the Orb.
     0 | D:1      | Reached XP level 1. HP: 19/19 MP: 0/0
   132 | D:1      | Reached skill level 4 in Axes
   340 | D:1      | Reached XP level 2. HP: 26/26 MP: 1/1
   454 | D:1      | Reached skill level 5 in Axes
   502 | D:1      | Reached XP level 3. HP: 27/31 MP: 2/2
   726 | D:2      | Reached ** piety under Trog
   981 | D:2      | Reached skill level 6 in Axes
   981 | D:2      | Reached XP level 4. HP: 39/39 MP: 3/3
  1061 | D:2      | Found a hide-covered altar of Uskayaw.
  1317 | D:2      | Found a shadowy altar of Dithmenos.
  1465 | D:3      | Found a shattered altar of Ashenzari.
  1585 | D:3      | Reached *** piety under Trog
  1883 | D:3      | Reached XP level 5. HP: 45/45 MP: 4/4
  1949 | D:3      | Reached skill level 7 in Axes
  2179 | D:4      | Noticed a phantom
  2198 | D:4      | Found Soicyosi's Magic Scroll Shoppe.
  2203 | D:4      | Killed a phantom
  2203 | D:4      | Reached skill level 8 in Axes
  2215 | D:4      | Bought a scroll of fog for 22 gold pieces
  2215 | D:4      | Bought a scroll of identify for 22 gold pieces
  2215 | D:4      | Bought a scroll of identify for 22 gold pieces
  2215 | D:4      | Bought a scroll of identify for 22 gold pieces
  2215 | D:4      | Bought a scroll of teleportation for 33 gold pieces
  2274 | D:4      | Noticed Ijyb
  2289 | D:4      | Killed Ijyb
  2289 | D:4      | Reached XP level 6. HP: 51/51 MP: 5/5
  2318 | D:4      | Noticed kalagan's ghost (amateur OpCj)
  2345 | D:4      | Killed kalagan's ghost
  2345 | D:4      | Reached skill level 9 in Axes
  2417 | D:4      | Reached XP level 7. HP: 57/57 MP: 6/6
  2429 | D:4      | Found Wayhuw's Armour Boutique.
  2453 | D:4      | Found Seabb's Weapon Shop.
  2481 | D:4      | Found Jixamos's Food Emporium.
  2829 | D:4      | Found a glowing drain.
  2833 | Sewer    | Entered a sewer
  2914 | Sewer    | Reached skill level 10 in Axes
  2944 | Sewer    | Found a glowing silver altar of Zin.
  3076 | D:5      | Entered Level 5 of the Dungeon
  3104 | D:5      | Noticed Sigmund
  3108 | D:5      | Killed Sigmund
  3183 | D:5      | Reached skill level 11 in Axes
  3305 | D:5      | Found an iron altar of Okawaru.
  3322 | D:5      | Found a radiant altar of Vehumet.
  3413 | D:5      | Found a staircase to the Ecumenical Temple.
  3677 | D:5      | Reached XP level 8. HP: 53/64 MP: 7/7
  4142 | D:6      | Found a runed door.
  4178 | D:6      | Found Ocimez's Food Boutique.
  4299 | D:6      | Reached **** piety under Trog
  4299 | D:6      | Reached skill level 12 in Axes
  4573 | D:6      | Noticed Crazy Yiuf
  4578 | D:6      | Killed Crazy Yiuf
  4744 | D:7      | Reached skill level 13 in Axes
  4745 | D:7      | Reached XP level 9. HP: 64/70 MP: 8/8
  4746 | D:7      | Reached skill level 14 in Axes
  5242 | D:7      | Noticed Pikel
  5268 | D:7      | Killed Pikel
  5268 | D:7      | Reached skill level 15 in Axes
  5861 | D:8      | Reached skill level 3 in Armour
  5861 | D:8      | Reached skill level 3 in Dodging
  6107 | D:8      | Reached XP level 10. HP: 72/81 MP: 9/9
  6388 | D:8      | Found a sparkling altar of Nemelex Xobeh.
  6388 | D:8      | Found a blossoming altar of Fedhas.
  6444 | D:8      | Found a white marble altar of Elyvilon.
  6483 | D:8      | Noticed a two-headed ogre
  6486 | D:8      | Found a sparkling altar of Nemelex Xobeh.
  6491 | D:8      | Reached ***** piety under Trog
  6498 | D:8      | Killed a two-headed ogre
  6498 | D:8      | Reached skill level 6 in Fighting
  6926 | D:8      | Found a sacrificial altar of Ru.
  7086 | D:9      | Found a hazy altar of Hepliaklqana.
  7119 | D:9      | Found Suwat's Assorted Antiques.
  7125 | D:9      | Bought a scroll of identify for 62 gold pieces
  7157 | D:9      | Noticed Psyche
  7162 | D:9      | Killed Psyche
  7162 | D:9      | Reached skill level 6 in Armour
  7264 | D:9      | Noticed Erolcha
  7270 | D:9      | Killed an unseen horror
  7278 | D:9      | Killed Erolcha
  7278 | D:9      | Reached skill level 6 in Dodging
  7565 | D:9      | Noticed a three-headed hydra
  7570 | D:9      | Killed a one-headed hydra
  7570 | D:9      | Reached XP level 11. HP: 95/95 MP: 10/10
  7819 | D:9      | Found an ancient bone altar of Kikubaaqudgha.
  8319 | D:10     | Entered Level 10 of the Dungeon
  8476 | D:10     | Reached skill level 9 in Fighting
  8620 | D:10     | Noticed Urug
  8647 | D:10     | Killed Urug
  8647 | D:10     | Reached skill level 9 in Armour
  9141 | D:11     | Found a staircase to the Lair.
  9237 | D:11     | Received a gift from Trog
  9295 | D:11     | Noticed a two-headed ogre
  9304 | D:11     | Killed a two-headed ogre
  9304 | D:11     | Reached skill level 9 in Dodging
  9429 | D:11     | Noticed a two-headed ogre
  9434 | D:11     | Killed a two-headed ogre
  9494 | D:11     | Noticed a two-headed ogre
  9498 | D:11     | Reached skill level 16 in Axes
  9498 | D:11     | Reached XP level 12. HP: 93/106 MP: 11/11
  9504 | D:11     | Killed a two-headed ogre
  9663 | D:11     | Found a staircase to the Orcish Mines.
  9947 | Lair:1   | Entered Level 1 of the Lair of Beasts
 10037 | Lair:1   | Reached skill level 17 in Axes
 11220 | Lair:2   | Reached skill level 18 in Axes
 11491 | Lair:2   | Noticed a five-headed hydra
 11501 | Lair:2   | Killed a seven-headed hydra
 12233 | Lair:3   | Reached skill level 19 in Axes
 12378 | Lair:3   | Noticed a six-headed hydra
 12386 | Lair:3   | Killed a ten-headed hydra
 12463 | Lair:3   | Reached XP level 13. HP: 103/113 MP: 12/12
 12891 | Lair:3   | Found a staircase to the Swamp.
 12906 | Lair:3   | Received a gift from Trog
 13538 | Lair:4   | Reached skill level 20 in Axes
 13715 | Lair:4   | Reached ****** piety under Trog
 13840 | Lair:4   | Found a hole to the Spider Nest.
 15268 | Lair:6   | Entered Level 6 of the Lair of Beasts
 15283 | Lair:6   | Reached skill level 21 in Axes
 15453 | Lair:6   | Found a viscous altar of Jiyva.
 15453 | Lair:6   | Found a staircase to the Slime Pits.
 15907 | Lair:6   | Reached XP level 14. HP: 121/121 MP: 13/13
 16196 | Lair:6   | Reached skill level 22 in Axes
 16228 | Lair:6   | Received a gift from Trog
 16553 | Lair:6   | Found a runed door.
 16598 | Lair:6   | Paralysed by a hornet for 2 turns
 16994 | Lair:6   | Reached skill level 23 in Axes
 17272 | D:12     | Received a gift from Trog
 17890 | D:12     | Noticed Josephine
 17900 | D:12     | Killed Josephine
 19097 | D:13     | Noticed Rupert
 19113 | D:13     | Killed Rupert
 19113 | D:13     | Reached skill level 24 in Axes
 19519 | D:13     | Received a gift from Trog
 20034 | D:14     | Reached XP level 15. HP: 126/126 MP: 14/14
 20433 | D:14     | Found a gate to the Vaults.
 20463 | D:14     | Noticed Frances
 20476 | D:14     | Killed Frances
 20626 | D:14     | Found a hazy altar of Hepliaklqana.
 20686 | D:15     | Entered Level 15 of the Dungeon
 20762 | D:15     | Reached skill level 25 in Axes
 20915 | D:15     | Found Soygua's Distillery.
 20923 | D:15     | Bought a potion of haste for 150 gold pieces
 20923 | D:15     | Bought a potion of might for 60 gold pieces
 20923 | D:15     | Bought a potion of might for 60 gold pieces
 21058 | D:15     | Identified a scroll of acquirement
 21377 | D:15     | Found a staircase to the Depths.
 21562 | Orc:1    | Entered Level 1 of the Orcish Mines
 21629 | Orc:1    | Noticed crawlian's ghost (journeyman DEFE)
 21643 | Orc:1    | Killed crawlian's ghost
 21712 | Orc:2    | Entered Level 2 of the Orcish Mines
 21731 | Orc:2    | Received a gift from Trog
 21854 | Orc:2    | Found a staircase to the Elven Halls.
 21868 | Orc:2    | Noticed an orc warlord
 21884 | Orc:2    | Killed an orc warlord
 22014 | Orc:2    | Found Qeitodu's Weapon Boutique.
 22062 | Orc:2    | Found a roughly hewn altar of Beogh.
 22141 | Orc:2    | Received a gift from Trog
 22148 | Orc:2    | Reached skill level 26 in Axes
 22462 | Orc:2    | Found Faot's Distillery.
 22465 | Orc:2    | Found Iveodghuti's Weapon Shoppe.
 22466 | Orc:2    | Found Avuafo's Antique Armour Emporium.
 22467 | Orc:2    | Found Usotatec's Assorted Antiques.
 22473 | Orc:2    | Bought a scroll of identify for 72 gold pieces
 22474 | Orc:2    | Bought a potion of might for 64 gold pieces
 22474 | Orc:2    | Bought a potion of resistance for 160 gold pieces
 22674 | Spider:1 | Entered Level 1 of the Spider Nest
 22675 | Spider:1 | Noticed Donald
 22688 | Spider:1 | Received a gift from Trog
 22699 | Spider:1 | Killed Donald
 22976 | Spider:1 | Got a faintly humming plate armour
 22988 | Spider:1 | Identified the +1 plate armour of the King of the Hill {rN+} (You found it on level 1 of the Spider Nest)
 23082 | Spider:1 | Reached XP level 16. HP: 136/136 MP: 15/15
 23337 | Spider:1 | Noticed Kirke
 23347 | Spider:1 | Killed Kirke
 23877 | Spider:2 | You fall through a shaft!
 24021 | Spider:3 | Received a gift from Trog
 24384 | Spider:3 | Noticed Torax's ghost (adept MiBe)
 24398 | Spider:3 | HP: 8/208 [Torax's ghost (39)]
 24401 | Spider:3 | HP: 2/208 [poisoned by Torax's ghost]
 24401 | Spider:3 | Annihilated by Torax's ghost

Skill      XL: |  1  2  3  4  5  6  7  8  9 10 11 12 13 14 15 16 |
---------------+-------------------------------------------------+-----
Axes           | 4 5 6 8 9 11 13 15 16 19 21 24 26 | 26.2
Fighting       | 5 8 10 11 | 11.8
Armour         | 4 7 9 10 11 | 11.5
Dodging        | 3 7 9 10 | 10.5

Action                   |  1- 3 |  4- 6 |  7- 9 | 10-12 | 13-15 | 16-18 || total
-------------------------+-------+-------+-------+-------+-------+-------++-------
Melee: Hand axe          |    60 |   112 |   305 |   330 |       |       ||   807
       Headbutt          |     4 |    16 |    63 |   134 |   205 |    46 ||   468
       War axe           |       |       |       |    51 |       |       ||    51
       Executioner's axe |       |       |       |   237 |   957 |   181 ||  1375
Invok: Berserk           |     3 |     5 |    11 |    17 |    19 |     2 ||    57
       Trog's Hand       |       |     1 |     1 |     4 |     4 |     1 ||    11
       Burn Spellbooks   |       |       |       |     2 |     2 |       ||     4
       Brothers in Arms  |       |       |       |     1 |     3 |       ||     4
  Use: Scroll            |       |     5 |     3 |     7 |    23 |     1 ||    39
       Potion            |       |       |       |       |     1 |       ||     1
 Stab: Distracted        |       |       |       |       |     1 |       ||     1
  Eat: Chunk             |     3 |     8 |    23 |    38 |    41 |     3 ||   116
       Meat ration       |       |       |       |     1 |     3 |       ||     4
       Royal jelly       |       |       |       |       |     1 |     1 ||     2
Armor: Ring mail         |    21 |    31 |       |       |       |       ||    52
       Chain mail        |       |     8 |    66 |    42 |       |       ||   116
       Plate armour      |       |       |       |   142 |   350 |    96 ||   588
       Fire dragon scale |       |       |       |       |    15 |       ||    15
Dodge: Dodged            |    37 |    55 |   156 |   408 |   834 |   152 ||  1642
Block: Other             |       |       |       |   136 |   256 |    51 ||   443
       Reflection        |       |       |       |     2 |     5 |       ||     7
